 Dungeon Crawl Stone Soup version 0.28-a0-10-g964c8b829e (webtiles) character file.

Game seed: 10266071285054939622

387 MovingMist the Skirmisher (level 6, -6/39 HPs)
             Began as a Gargoyle Fighter on July 25, 2021.
             Splashed by a gnoll's acid (13 damage)
             ... on level 5 of the Dungeon.
             The game lasted 00:04:35 (4803 turns).

MovingMist the Skirmisher (Gargoyle Fighter)        Turns: 4803, Time: 00:04:35

Health: -6/39      AC: 16    Str: 19    XL:     6   Next: 78%
Magic:  6/6        EV:  4    Int:  9    God:
Gold:   195        SH:  9    Dex: 11    Spells: 5/5 levels left

rFire   . . .      SeeInvis .   r - +2 mace (drain)
rCold   . . .      Faith    .   c - +0 kite shield
rNeg    + . .      Spirit   .   e - +0 plate armour
rPois   ∞          Reflect  .   (no helmet)
rElec   +          Harm     .   (no cloak)
rCorr   .          Rampage  .   (no gloves)
Will    .....                   (no boots)
Stlth   ..........              (no amulet)
HPRegen 0.13/turn               (no ring)
MPRegen 0.10/turn               (no ring)

@: no status effects
A: sickness immunity, AC +4, negative energy resistance 1, electricity
resistance, torment resistance 1, petrification resistance
a: no special abilities


You were on level 5 of the Dungeon.
You visited 1 branch of the dungeon, and saw 5 of its levels.

You collected 195 gold pieces.

Inventory:

Hand Weapons
 r - a +2 mace of draining (weapon)
Armour
 c - a +0 kite shield (worn)
 e - a +0 plate armour (worn)
Jewellery
 s - a ring of protection from fire
Wands
 m - a wand of flame (7)
Scrolls
 b - a scroll of torment {unknown}
 f - 2 scrolls of teleportation {unknown}
 i - a scroll of enchant weapon {unknown}
 j - 2 scrolls of blinking {unknown}
 l - a scroll of fog {unknown}
 n - a scroll of summoning {unknown}
 o - a scroll of acquirement {unknown}
 p - a scroll of enchant armour {unknown}
 q - a scroll of amnesia {unknown}
Potions
 a - a potion of berserk rage {unknown}
 d - 2 potions of might
 g - 2 potions of heal wounds {unknown}
 h - 2 potions of mutation {unknown}
 k - a potion of brilliance {unknown}


   Skills:
 + Level 4.6 Fighting
 + Level 3.5 Maces & Flails
 + Level 4.5 Armour
 * Level 3.3 Dodging
 - Level 3.2 Shields


You had 5 spell levels left.
You didn't know any spells.
Your spell library contained the following spells:

 Spells                   Type           Power      Damage    Failure   Level
 Corona                   Hex            0%         N/A       100%        1
 Magic Dart               Conj           0%         1d3       100%        1
 Call Imp                 Summ           0%         N/A       100%        2
 Ensorcelled Hibernation  Hex/Ice        0%         N/A       100%        2
 Mephitic Cloud           Conj/Pois/Air  0%         N/A       100%        3
 Tukima's Dance           Hex            0%         N/A       100%        3
 Haunt                    Necr/Summ      0%         N/A       100%        7
 Orb of Destruction       Conj           0%         N/A       100%        7


Dungeon Overview and Level Annotations

Branches:
Dungeon (5/15)
 Temple: D:4-7

Altars:


Innate Abilities, Weirdness & Mutations

You are immune to sickness and miasma.
Your stone body is resilient. (AC +4)
You are immune to poison.
You resist negative energy. (rN+)
You are resistant to electric shocks. (rElec)
You are resistant to unholy torment.
You are immune to petrification.


Message History

You completely miss the gnoll.
The gnoll is moderately wounded.
You block the gnoll's attack.
Your plate armour prevents you from hitting the gnoll.
The gnoll is moderately wounded.
You block the gnoll's attack.
You hit the gnoll.
The gnoll is heavily wounded.
You block the gnoll's attack. x2
Your shield prevents you from hitting the gnoll.
The gnoll is heavily wounded.
You block the gnoll's attack.
You barely miss the gnoll.
The gnoll is heavily wounded.
The gnoll hits you but does no damage. The gnoll hits you with a +0 spear.
You hit the gnoll.
The gnoll is severely wounded.
The gnoll hits you but does no damage.
You hit the gnoll but do no damage. You drain the gnoll.
The gnoll is almost dead.
The gnoll barely misses you. The gnoll hits you with a +0 spear.
You barely miss the gnoll.
The gnoll is almost dead.
The gnoll hits you but does no damage.
You hit the gnoll.
You kill the gnoll!
You hit the gnoll but do no damage. You drain the gnoll.
The gnoll is lightly wounded.
You block the gnoll's attack.
You completely miss the gnoll. The gnoll hits you but does no damage.
You thump the gnoll!
The gnoll is severely wounded.
The gnoll hits you with a +0 flail!
* * * LOW HITPOINT WARNING * * *
You closely miss the gnoll.
The gnoll is severely wounded.
The gnoll zaps a wand.
The bolt of acid hits you.
* * * LOW HITPOINT WARNING * * *
You are splashed with acid!
You die...

#.# #..# #.########..#
#####'#......#..#
#...............#####
#.....................
#....g.........#######
#.......##g##..#
#.......##g##..#
.'.......##@##..#
#.#.......##.##..####
...#.......##.##.....+
.. #####.........#####
#.####.#.#.......
#......#.#.####..
#..#####.#.#
#..#####.#.#
#.....>#.#.#


You could see 2 gnolls.

Vanquished Creatures
  Blork the orc (D:4)
  A wyvern zombie (D:5)
  A water moccasin zombie (D:5)
  A jelly (D:4)
  An iguana (D:3)
  2 hound skeletons
  A gnoll (D:5)
  4 adders
  An ufetubus (D:2)
  A worm (D:3)
  2 dart slugs
  3 orcs
  5 endoplasms
  4 giant cockroaches
  6 goblins
  5 hobgoblins
  4 quokkas
  8 ball pythons
  6 bats
  3 frilled lizards
  8 kobolds
  9 rats
77 creatures vanquished.

Notes
Turn   | Place    | Note
-------+----------+-------------------------------------------
     0 | D:1      | MovingMist the Gargoyle Fighter began the quest for the
                  | Orb.
     0 | D:1      | Reached XP level 1. HP: 14/14 MP: 1/1
   264 | D:1      | Reached XP level 2. HP: 16/19 MP: 2/2
   643 | D:1      | Reached skill level 1 in Dodging
  1242 | D:2      | Reached XP level 3. HP: 18/23 MP: 3/3
  1516 | D:2      | Reached XP level 4. HP: 20/29 MP: 4/4
  1665 | D:2      | Found a faded altar of an unknown god.
  2276 | D:3      | Got the Guide on Destructive Dark Rites
  2487 | D:3      | Reached XP level 5. HP: 24/33 MP: 5/5
  3693 | D:4      | Noticed Blork the orc
  3701 | D:4      | Killed Blork the orc
  3702 | D:4      | Reached XP level 6. HP: 11/39 MP: 6/6
  4466 | D:5      | Entered Level 5 of the Dungeon
  4803 | D:5      | Splashed by a gnoll's acid

Illustrated notes

Levels and vault maps discovered:
D:1:      dpeg_arrival_circle_labyrinth_c, layout_loops_corners,
          kennysheep_minor_cross
D:2:      layout_basic, dreamdust_ecumenical_altar_angels_and_demons
D:3:      minmay_chambers_of_twos, layout_basic
D:4:      layout_layer_cave, uniq_blork_the_orc
D:5:      layout_basic, grunt_dithmenos_smoke

Skill      XL: |  1  2  3  4  5  6 |
---------------+-------------------+-----
Dodging        | 1 2 3 |  3.3
Fighting       | 4 |  4.6
Armour         | 4 |  4.5
Maces & Flails | 3 |  3.5
Shields        | |  3.2

Action                   |  1- 3 |  4- 6 || total
-------------------------+-------+-------++-------
Melee: Flail             |    69 |   165 ||   234
       Whip              |       |    10 ||    10
       Mace              |       |    53 ||    53
Armor: Scale mail        |    13 |       ||    13
       Plate armour      |    45 |   179 ||   224
Dodge: Dodged            |    24 |    25 ||    49
Block: Kite shield       |    29 |   132 ||   161

Table legend: (Time is in decaauts)
 A = Elapsed time spent in this place.
 B = Non-inter-level travel time spent in this place.
 C = Inter-level travel time spent in this place.
 D = Time resting spent in this place.
 E = Time spent auto-exploring this place.
 F = Levels seen in this place.
 G = Mean time per level.
                   A        B        C        D        E       F      G
               +--------+--------+--------+--------+--------+-----+--------+
         Total |   4946 |   4757 |    189 |    741 |   3292 |   5 |  989.2 |
       Dungeon |   4946 |   4757 |    189 |    741 |   3292 |   5 |  989.2 |
               +--------+--------+--------+--------+--------+-----+--------+

Top non-repeatable levels by time:
     D:4: 1283 daAuts
     D:1: 1237 daAuts
     D:2: 1051 daAuts
     D:3: 1017 daAuts
     D:5: 356 daAuts
